 Dungeon Crawl Stone Soup version 0.29.0-4-gdea44cf6ec (webtiles) character file.

Game seed: 9349046535879860213

18 qw the Chopper (level 2, -2/17 HPs)
             Began as a Tengu Warper on Aug 28, 2022.
             Succumbed to their own poison gas
             ... on level 1 of the Dungeon.
             The game lasted 00:00:05 (675 turns).

qw the Chopper (Tengu Warper)                        Turns: 675, Time: 00:00:06

Health: -2/17      AC:  9    Str: 17    XL:     2   Next: 70%
Magic:  6/6        EV: 11    Int: 13    God:
Gold:   53         SH:  0    Dex: 13    Spells: 5/5 levels left

rFire   . . .      SeeInvis .   Y - +0 hand axe
rCold   . . .      Faith    .   (no shield)
rNeg    . . .      Spirit   .   e - +0 ring mail
rPois   .          Reflect  .   (helmet restricted)
rElec   .          Harm     .   n - +0 cloak
rCorr   .          Rampage  .   h - +2 pair of gloves
Will    .....                   (boots unavailable)
Stlth   +.........              (no amulet)
HPRegen 0.05/turn               k - +6 ring of strength
MPRegen 0.10/turn               (no ring)

@: lethally poisoned (-2 -> -18)
A: beak, talons 3
a: no special abilities


You were on level 1 of the Dungeon.
You visited 1 branch of the dungeon, and saw 1 of its levels.

You collected 53 gold pieces.


Innate Abilities, Weirdness & Mutations

You have a beak for a mouth.
You have claws for feet.


   Skills:
 - Level 2.0 Fighting
 + Level 3.5 Axes
 - Level 1.0 Throwing
 - Level 1.1 Armour
 - Level 2.1 Dodging
 - Level 2.0 Spellcasting
 - Level 2.4 Translocations


You had 5 spell levels left.
You didn't know any spells.
Your spell library contained the following spells:

 Spells                   Type           Power      Damage    Failure   Level
 Blink                    Tloc           14%        N/A       26%         2
 Gell's Gravitas          Tloc           7%         N/A       47%         3
 Lesser Beckoning         Tloc           7%         N/A       47%         3
 Teleport Other           Tloc           7%         N/A       47%         3
 Manifold Assault         Tloc           7%         N/A       99%         5

Inventory:

Hand Weapons
 l - a +0 mace
 Y - a +0 hand axe (weapon)
Armour
 e - a +0 ring mail (worn)
 h - a +2 pair of gloves (worn)
 n - a +0 cloak (worn)
Jewellery
 k - a +6 ring of strength (left hand)
Scrolls
 j - a scroll of identify
Potions
 f - a potion of degeneration {unknown}
 g - a potion of berserk rage {unknown}
 i - a potion of might {unknown}
 m - a potion of brilliance {unknown}

Dungeon Overview and Level Annotations

Branches:
Dungeon (1/15)

Altars:

Shops:
D:1 [


Message History

659 ||| UPGRADING to +2 pair of gloves.
You start putting on your armour.
You continue putting on your +2 pair of gloves. x4
You finish putting on your +2 pair of gloves.
664 ||| UPGRADING to +0 cloak.
You start putting on your armour.
You continue putting on your +0 cloak. x4
You finish putting on your +0 cloak.
Done exploring.
669 ||| UPGRADING to +6 ring of strength.
You feel stronger.
k - a +6 ring of strength (left hand) Done exploring.
670 ||| READING scroll labelled OJESKENAUN.
The air fills with toxic fumes!
As you read the scroll labelled OJESKENAUN, it crumbles to dust.
It was a scroll of poison.
Done exploring.
671 ||| READING 2 scrolls labelled NEARGHI VAUV.
As you read the scroll labelled NEARGHI VAUV, it crumbles to dust.
It is a scroll of identify.
Really abort (and waste the scroll)?
Done exploring.
672 ||| DROPPING scroll of blinking.
You drop a scroll of blinking.
Done exploring.
(D) Dungeon
Where to? (* - list waypoints, ? - help)
What level of the Dungeon? (default 1, ? - help) Sorry, I don't know how to get there.
Done exploring.
673 ||| Stepping randomly (stuck).
Really walk into that cloud of poison gas?
You are engulfed in poison gas.
You are lethally poisoned!
You feel very sick.
674 ||| Stepping ~*~*~tactically~*~*~ (cloud).
You feel very sick.
Things that are here:
a scroll of blinking; a +0 leather armour
There is a lethal amount of poison in your body!
You die...

#..# ##....... ###..##
###...##### #.....#
##.....###
#.....###¤..#....##
#....¤¤.¤¤........##
#....¤#¤¤¤......%..#
#.>>¤¤¤¤¤¤.........#
####¤##¤0¤¤.......:...#
#¤¤¤¤¤@¤###............
#¤¤¤¤¤¤## ##...##...##.
#¤¤¤¤¤¤# ############
#¤¤¤¤¤¤# # #00¤¤¤¤#
########


There were no monsters in sight!

Vanquished Creatures
  4 ball pythons (D:1)
  An endoplasm (D:1)
  A giant cockroach (D:1)
  2 goblins (D:1)
  2 hobgoblins (D:1)
  2 kobolds (D:1)
  2 quokkas (D:1)
  A bat (D:1)
  A rat (D:1)
16 creatures vanquished.

Vanquished Creatures (others)
  A fungus (D:1)
  7 plants (D:1)
8 creatures vanquished.

Grand Total: 24 creatures vanquished

Notes
Turn   | Place    | Note
-------+----------+-------------------------------------------
     0 | D:1      | qw the Tengu Warper began the quest for the Orb.
     0 | D:1      | Reached XP level 1. HP: 12/12 MP: 4/4
     0 | D:1      | 0 ||| qw: Version: 0.1-a-89-g26bdef1
     0 | D:1      | 0 ||| qw: Game counter: 122
     0 | D:1      | 0 ||| qw: Always use a shield: true
     0 | D:1      | 0 ||| qw: God list: Okawaru
     0 | D:1      | 0 ||| qw: Allow faded altars: false
     0 | D:1      | 0 ||| qw: Do Orc after D:15 true
     0 | D:1      | 0 ||| qw: Do second Lair branch before Depths: true
     0 | D:1      | 0 ||| qw: Lair rune preference: random
     0 | D:1      | 0 ||| qw: Plans: Normal
     0 | D:1      | 0 ||| PLANNING D:1-11
    21 | D:1      | 21 ||| Stepping ~*~*~tactically~*~*~ (stealth).
    22 | D:1      | 22 ||| Stepping ~*~*~tactically~*~*~ (stealth).
    25 | D:1      | 25 ||| Stepping ~*~*~tactically~*~*~ (stealth).
    39 | D:1      | 39 ||| Stepping ~*~*~tactically~*~*~ (stealth).
    77 | D:1      | Reached XP level 2. HP: 15/17 MP: 6/6
   104 | D:1      | 104 ||| Stepping ~*~*~tactically~*~*~ (stealth).
   135 | D:1      | 135 ||| Stepping ~*~*~tactically~*~*~ (stealth).
   141 | D:1      | Found a faded altar of an unknown god.
   144 | D:1      | 144 ||| Stepping ~*~*~tactically~*~*~ (stealth).
   145 | D:1      | 145 ||| Stepping ~*~*~tactically~*~*~ (stealth).
   150 | D:1      | Found Furchiw's Antique Armour Boutique.
   159 | D:1      | 159 ||| SHOPLISTING chain mail (112 gold, have 20).
   159 | D:1      | 159 ||| SHOPLISTING embroidered robe (92 gold, have 20).
   159 | D:1      | 159 ||| SHOPLISTING glowing leather armour (125 gold, have
                  | 20).
   159 | D:1      | 159 ||| SHOPLISTING plate armour (575 gold, have 20).
   169 | D:1      | Reached skill level 3 in Axes
   221 | D:1      | 221 ||| DROPPING +0 club.
   648 | D:1      | 648 ||| UPGRADING to +0 ring mail.
   658 | D:1      | 658 ||| DROPPING +0 leather armour.
   659 | D:1      | 659 ||| UPGRADING to +2 pair of gloves.
   664 | D:1      | 664 ||| UPGRADING to +0 cloak.
   669 | D:1      | 669 ||| UPGRADING to +6 ring of strength.
   670 | D:1      | 670 ||| READING scroll labelled OJESKENAUN.
   671 | D:1      | 671 ||| READING 2 scrolls labelled NEARGHI VAUV.
   672 | D:1      | 672 ||| DROPPING scroll of blinking.
   673 | D:1      | 673 ||| Stepping randomly (stuck).
   674 | D:1      | 674 ||| Stepping ~*~*~tactically~*~*~ (cloud).
   674 | D:1      | HP: 2/17 [poisoned by you (poison gas)]
   675 | D:1      | Succumbed to their own poison gas

Levels and vault maps discovered:
D:1:      dpeg_arrival_pond, layout_rooms, serial_shops, shop,
          shapermc_ecumenical_altar_mp_ritualfount

Skill      XL: |  1  2 |
---------------+-------+-----
Axes           | 3 |  3.5
Fighting       | |  2.0
Throwing       | |  1.0
Armour         | |  1.1
Dodging        | |  2.1
Spellcasting   | |  2.0
Translocations | |  2.4

Action                   || total
-------------------------++-------
Melee: Hand axe          ||    27
       Kick              ||     8
       Peck              ||     4
Throw: Boomerang         ||     7
  Use: Scroll            ||     2
Armor: Leather armour    ||     6
Dodge: Dodged            ||    14

Table legend:
 A = Non-vault XP
 B = Vault XP
 C = Vault XP percentage of total XP
 D = Non-vault monster count
 E = Vault monster count
 F = Vault count percentage of total count
                 A         B        C        D         E       F
            +---------+---------+-------+---------+---------+-------
      Total |      27 |       0 |   0.0 |      16 |       0 |   0.0
            +---------+---------+-------+---------+---------+-------
        D:1 |      27 |       0 |   0.0 |      16 |       0 |   0.0
            +---------+---------+-------+---------+---------+-------
